 Dungeon Crawl Stone Soup version 0.21.1-1-g345015fe64 (webtiles) character file.

33089 Henning the Cleaver (level 13, -46/115 HPs)
             Began as a Minotaur Fighter on June 19, 2018.
             Was a High Priest of Trog.
             Annihilated by an enormous slime creature (68 damage)
             ... on level 14 of the Dungeon.
             The game lasted 00:43:35 (12087 turns).

Henning the Cleaver (Minotaur Fighter)             Turns: 12087, Time: 00:43:41

Health: -46/115    AC: 18    Str: 22    XL:     13   Next: 34%
Magic:  0/17       EV: 18    Int:  5    God:    Trog [*****.]
Gold:   994        SH: 19    Dex: 17    Spells: 12/12 levels left

rFire    . . .     SeeInvis .   M - +0 hand axe (elec)
rCold    . . .     Gourm    .   c - +0 shield
rNeg     + . .     Faith    .   s - +0 plate armour
rPois    .         Spirit   +   (helmet restricted)
rElec    .         Reflect  +   D - scarf {Spirit}
rCorr    .         Harm     .   g - +2 pair of gloves {Dex+3}
MR       .....                  (no boots)
Stlth    ..........             t - +5 amulet of reflection
HPRegen  0.29/turn              y - ring of positive energy
MPRegen  0.15/turn              p - +6 ring of evasion

@: no status effects
A: retaliatory headbutt, horns 2
a: Berserk, Trog's Hand, Brothers in Arms, Burn Spellbooks, Renounce Religion


You were on level 14 of the Dungeon.
You worshipped Trog.
Trog was extremely pleased with you.
You were hungry.

You visited 2 branches of the dungeon, and saw 15 of its levels.
You also visited: Labyrinth.

You collected 994 gold pieces.

Inventory:

Hand Weapons
 a - a +0 war axe
 M - a +0 hand axe of electrocution (weapon)
Armour
 c - a +0 shield (worn)
 g - a +2 pair of gloves of dexterity (worn)
 o - +0 acid dragon scales
 s - a +0 plate armour (worn)
 D - a scarf of spirit shield (worn)
 L - +0 steam dragon scales
Jewellery
 p - a +6 ring of evasion (right hand)
 t - a +5 amulet of reflection (around neck)
 y - a ring of positive energy (left hand)
 A - an uncursed ring of see invisible
 J - an uncursed amulet of regeneration
 O - an uncursed amulet of harm {unknown}
Wands
 k - a wand of random effects (58)
 z - a wand of iceblast (8)
 C - a wand of acid (5)
 G - a wand of paralysis (15)
 K - a wand of enslavement (31)
Scrolls
 i - 7 scrolls of teleportation
 j - 5 scrolls of fog
 l - 3 scrolls of enchant weapon
 n - a scroll of magic mapping {unknown}
 q - a scroll of immolation
 u - 4 scrolls of remove curse
 B - 4 scrolls of enchant armour {unknown}
 E - a scroll of silence {unknown}
 F - a scroll of vulnerability {unknown}
 H - a scroll of torment {unknown}
 P - a scroll of summoning {unknown}
Potions
 b - 2 potions of heal wounds
 d - 3 potions of might
 e - a potion of invisibility
 h - 7 potions of curing
 m - a potion of resistance
 r - 4 potions of lignification
 v - a potion of flight
 w - 2 potions of ambrosia
 x - a potion of haste
Miscellaneous
 N - a phial of floods
Comestibles
 f - 27 rations


   Skills:
 + Level 10.8 Fighting
 + Level 14.1 Axes
 + Level 10.8 Armour
 + Level 9.3 Dodging
 * Level 13.1 Shields
 + Level 6.8 Evocations


You had 12 spell levels left.
You didn't know any spells.

Dungeon Overview and Level Annotations

Branches:
Dungeon (14/15)            Temple (1/1) D:4            Lair (0/6) D:11
    Orc (0/2) D:10         Vaults (0/5) D:14

Altars:
Ashenzari
Cheibriados
Dithmenos
Elyvilon
Fedhas
Gozag
Hepliaklqana
Kikubaaqudgha
Makhleb
Nemelex Xobeh
Okawaru
Qazlal
Ru
Sif Muna
Trog
Uskayaw
Vehumet
Wu Jian
Xom
Yredelemnul
Zin
The Shining One

Shops:
D:14 [

Portals:
Trove: D:10 (give +4 shadow dragon scales)


Innate Abilities, Weirdness & Mutations

You reflexively headbutt those who attack you in melee.
You have a pair of horns on your head.


Message History

The enormous slime creature hits you but does no damage.
You hit the enormous slime creature.
The enormous slime creature is severely wounded.
You block the enormous slime creature's attack.
You hit the enormous slime creature.
The enormous slime creature is severely wounded.
You hit the enormous slime creature.
You headbutt the enormous slime creature.
The enormous slime creature is severely wounded.
The enormous slime creature hits you!
* * * LOW HITPOINT WARNING * * *
You completely miss the enormous slime creature.
The enormous slime creature is severely wounded.
You hit the enormous slime creature.
Lightning courses through the enormous slime creature!
You headbutt the enormous slime creature.
The enormous slime creature is almost dead.
The enormous slime creature hits you!!!!
Ouch! That really hurt!
You die...

########### ..........#
.....)...# ........#
#......# #####.....#
........ ..∩.......#
........
##..)..############......
#.....(J@........##......
.........########...#.......
.........# #...#.......
.#..###### ###...........
...# #..).......... ...
#............( ..
#.............
###........... #....#......


You could see an enormous slime creature.

Vanquished Creatures
  Rupert (D:13)
  The ghost of Henning the Cleaver, a journeyman MiFi of Trog (D:12)
  A minotaur (Lab)
  2 hydras
  A vault guard (D:10)
  3 centaur warriors
  2 dancing weapons (D:14)
  A death knight (D:11)
  3 two-headed ogres
  Nergalle (D:10)
  A skeletal warrior (D:10)
  5 unseen horrors
  3 ugly things
  2 cyclopes
  2 centaur zombies
  An ice statue (D:11)
  3 centaur skeletons
  A gargoyle (D:13)
  The ghost of AmmanPL the Magician, a novice DrVM (D:6)
  A freezing wraith (D:10)
  A komodo dragon (D:11)
  4 trolls
  A hornet (D:11)
  6 hippogriffs
  13 yaks
  2 wyverns
  4 wraiths
  5 hungry ghosts
  A basilisk (D:14)
  A steam dragon (D:13)
  An acid dragon (D:11)
  6 sky beasts
  An ice beast (D:10)
  2 orc warriors
  The ghost of Lokiki the Shield-Bearer, an amateur MiFi (D:3)
  A black bear (D:12)
  9 ogres
  3 phantoms
  12 centaurs
  2 crocodiles (D:10)
  7 bullfrogs
  A gnoll sergeant (D:9)
  2 wyvern skeletons (D:11)
  5 scorpions
  13 killer bees
  7 wights
  An electric eel (D:11)
  2 howler monkeys
  5 crimson imps
  A bullfrog zombie (D:12)
  A jelly (D:14)
  2 quasits
  4 orc priests
  A hound (D:9)
  9 orc wizards
  3 bullfrog skeletons
  5 iguanas
  19 worker ants
  A hound zombie (D:11)
  A hound skeleton (D:5)
  3 worker ant zombies
  12 gnolls
  10 adders
  5 shadow imps
  2 worms (D:4)
  A dart slug (D:2)
  3 leopard geckos
  23 orcs
  2 giant cockroaches
  9 goblins
  9 hobgoblins
  7 jackals
  5 quokkas
  A ball python (D:6)
  7 bats
  4 frilled lizards
  6 kobolds
  A leopard gecko skeleton (D:4)
  A quokka zombie (D:8)
  13 rats
326 creatures vanquished.

Vanquished Creatures (others)
  A cyclops (D:14)
  3 centaurs
  4 bushes (D:8)
  4 plants (D:11)
12 creatures vanquished.

Grand Total: 338 creatures vanquished

Notes
Turn   | Place    | Note
-------+----------+-------------------------------------------
     0 | D:1      | Henning the Minotaur Fighter began the quest for the Orb.
     0 | D:1      | Reached XP level 1. HP: 19/19 MP: 0/0
    65 | D:1      | Reached XP level 2. HP: 24/27 MP: 1/1
   386 | D:1      | Reached skill level 3 in Axes
   601 | D:2      | Reached XP level 3. HP: 21/33 MP: 2/2
   634 | D:2      | Reached skill level 1 in Dodging
   963 | D:2      | Reached XP level 4. HP: 40/40 MP: 3/3
  1371 | D:3      | Reached skill level 4 in Axes
  1395 | D:3      | Found a glowing golden altar of the Shining One.
  1564 | D:3      | Reached XP level 5. HP: 47/47 MP: 4/4
  1635 | D:3      | Noticed Lokiki's ghost (amateur MiFi)
  1642 | D:3      | Killed Lokiki's ghost
  1718 | D:4      | Found a staircase to the Ecumenical Temple.
  1731 | Temple   | Entered the Ecumenical Temple
  1848 | Temple   | Became a worshipper of Trog the Wrathful
  1977 | D:4      | Reached XP level 6. HP: 53/53 MP: 5/5
  2162 | D:4      | Reached skill level 5 in Axes
  2162 | D:4      | Reached skill level 5 in Armour
  2165 | D:4      | Reached skill level 5 in Fighting
  2203 | D:4      | Reached skill level 5 in Shields
  2203 | D:4      | Reached XP level 7. HP: 49/61 MP: 4/6
  2437 | D:5      | Entered Level 5 of the Dungeon
  2663 | D:5      | Reached skill level 6 in Axes
  2827 | D:5      | Found a white marble altar of Elyvilon.
  2828 | D:5      | Found an iron altar of Okawaru.
  2829 | D:5      | Found a sparkling altar of Nemelex Xobeh.
  2829 | D:5      | Found a radiant altar of Vehumet.
  2848 | D:5      | Found a glowing golden altar of the Shining One.
  2855 | D:5      | Found a glowing silver altar of Zin.
  3373 | D:6      | Reached * piety under Trog
  3511 | D:6      | Reached skill level 1 in Evocations
  3511 | D:6      | Reached XP level 8. HP: 61/70 MP: 5/7
  3560 | D:6      | Found a shadowy altar of Dithmenos.
  3610 | D:6      | Noticed AmmanPL's ghost (novice DrVM)
  3618 | D:6      | Killed AmmanPL's ghost
  3618 | D:6      | Reached skill level 7 in Axes
  3662 | D:6      | Found an ornate altar of the Wu Jian Council.
  4353 | D:7      | Reached skill level 8 in Axes
  4402 | D:7      | Noticed a hippogriff
  4414 | D:7      | Killed a hippogriff
  4422 | D:7      | Noticed a hippogriff
  4433 | D:7      | Killed a hippogriff
  4433 | D:7      | Reached XP level 9. HP: 37/78 MP: 6/9
  4585 | D:7      | Reached ** piety under Trog
  4767 | D:7      | Reached skill level 5 in Dodging
  5186 | D:8      | Reached skill level 9 in Axes
  5226 | D:8      | Found a snail-covered altar of Cheibriados.
  5326 | D:8      | Noticed a troll
  5341 | D:8      | Killed a troll
  5785 | D:9      | Found an opulent altar of Gozag.
  5808 | D:9      | Noticed a troll
  5829 | D:9      | Killed a troll
  6112 | D:9      | Noticed a troll
  6135 | D:9      | Killed a troll
  6135 | D:9      | Reached XP level 10. HP: 46/88 MP: 6/11
  6297 | D:9      | Reached skill level 10 in Axes
  6675 | D:9      | Found a hazy altar of Hepliaklqana.
  6717 | D:9      | Reached *** piety under Trog
  6736 | D:10     | Entered Level 10 of the Dungeon
  6935 | D:10     | Noticed a two-headed ogre
  6957 | D:10     | Killed a two-headed ogre
  7094 | D:10     | Found a staircase to the Orcish Mines.
  7581 | D:10     | Noticed a vault guard
  7604 | D:10     | Killed a vault guard
  7604 | D:10     | Reached skill level 11 in Axes
  7825 | D:10     | Found a portal to a secret trove of treasure.
  7924 | D:11     | Noticed a skeletal warrior
  7926 | D:11     | Noticed Nergalle
  7926 | D:11     | Noticed a death knight
  7956 | D:10     | Reached XP level 11. HP: 55/95 MP: 9/13
  7973 | D:10     | Killed a skeletal warrior
  8182 | D:10     | Killed Nergalle
  8204 | D:10     | Reached skill level 5 in Evocations
  8322 | D:11     | Killed a death knight
  8322 | D:11     | Reached skill level 10 in Shields
  8351 | D:11     | Reached **** piety under Trog
  8441 | D:11     | Found a shadowy altar of Dithmenos.
  8469 | D:11     | Killed an unseen horror
  8677 | D:11     | Reached skill level 12 in Axes
  8711 | D:11     | Found a staircase to the Lair.
  8813 | D:11     | Noticed a two-headed ogre
  8817 | D:11     | Killed a two-headed ogre
  9051 | D:11     | Noticed an unseen horror
  9068 | D:11     | Killed an unseen horror
  9132 | D:11     | Noticed a green ugly thing
  9145 | D:11     | Killed a green ugly thing
  9431 | D:12     | Noticed a centaur warrior
  9451 | D:12     | Killed a centaur warrior
  9451 | D:12     | Reached XP level 12. HP: 89/105 MP: 12/15
  9503 | D:12     | Noticed a seven-headed hydra
  9504 | D:12     | Noticed a two-headed ogre
  9506 | D:12     | Noticed a four-headed hydra
  9528 | D:12     | Noticed a six-headed hydra
  9546 | D:12     | Killed a 12-headed hydra
  9729 | D:12     | Found a labyrinth entrance.
  9738 | Lab      | Entered a labyrinth
 10504 | Lab      | Reached ***** piety under Trog
 10554 | Lab      | Noticed a minotaur
 10568 | Lab      | Killed a minotaur
 10673 | D:12     | Found a hide-covered altar of Uskayaw.
 10769 | D:12     | Reached skill level 13 in Axes
 10841 | D:12     | Noticed Henning's ghost (journeyman MiFi)
 10885 | D:12     | Killed Henning's ghost
 10885 | D:12     | Reached skill level 10 in Fighting
 10885 | D:12     | Reached skill level 10 in Armour
 11048 | D:12     | Noticed a two-headed ogre
 11057 | D:12     | Killed a two-headed ogre
 11187 | D:12     | Noticed a great orb of eyes
 11356 | D:13     | Noticed Rupert
 11376 | D:13     | Killed Rupert
 11502 | D:13     | Reached XP level 13. HP: 99/114 MP: 16/16
 11840 | D:13     | Found a sacrificial altar of Ru.
 11910 | D:14     | Reached skill level 14 in Axes
 11969 | D:14     | Found Nuen Gyth's Armour Shoppe.
 12035 | D:14     | Found a gate to the Vaults.
 12087 | D:14     | Annihilated by an enormous slime creature

Skill      XL: |  1  2  3  4  5  6  7  8  9 10 11 12 13 |
---------------+----------------------------------------+-----
Axes           | 3 4 5 6 8 9 11 12 13 14 | 14.1
Armour         | 4 5 6 7 8 9 10 | 10.8
Fighting       | 4 5 6 7 8 9 10 | 10.8
Shields        | 4 5 6 7 9 11 12 13 | 13.1
Dodging        | 1 2 3 4 5 6 8 9 |  9.3
Evocations     | 1 2 3 4 5 6 |  6.8

Action                   |  1- 3 |  4- 6 |  7- 9 | 10-12 | 13-15 || total
-------------------------+-------+-------+-------+-------+-------++-------
Melee: War axe           |    85 |   128 |   318 |   516 |       ||  1047
       Headbutt          |     9 |    18 |    67 |   172 |    53 ||   319
       Hand axe          |       |       |       |   126 |   136 ||   262
Invok: Burn Spellbooks   |       |       |     2 |     1 |       ||     3
       Berserk           |       |       |       |     5 |     1 ||     6
       Trog's Hand       |       |       |       |     2 |       ||     2
  Use: Scroll            |     4 |     1 |     7 |     6 |       ||    18
  Eat: Chunk             |       |     5 |    12 |    20 |     2 ||    39
       Ration            |       |       |       |     2 |       ||     2
Armor: Scale mail        |    51 |    15 |       |       |       ||    66
       Chain mail        |       |    49 |    90 |    54 |       ||   193
       Plate armour      |       |       |       |   114 |    31 ||   145
Dodge: Dodged            |    36 |    60 |   181 |   269 |    48 ||   594
Block: Shield            |    47 |    66 |   197 |   545 |    95 ||   950
       Reflection        |       |       |       |    22 |    11 ||    33
